 Dungeon Crawl Stone Soup version 0.31-a0-233-g139696dc86 (webtiles) character file.

Game seed: 2646007071483063100

533 qw the Shooter (level 7, -2/43 HPs)
             Began as a Gargoyle Hexslinger on July 7, 2023.
             Slain by an ogre
             ... wielding a +0 giant spiked club
              (7 damage)
             ... on level 4 of the Dungeon.
             The game lasted 00:01:09 (2668 turns).

qw the Shooter (Gargoyle Hexslinger)                Turns: 2668, Time: 00:01:09

Health: -2/43      AC: 10    Str: 12    XL:     7   Next: 24%
Magic:  8/8        EV: 10    Int: 13    God:
Gold:   108        SH:  0    Dex: 14    Spells: 7/8 levels left

rFire   . . .        Y - +2 sling
rCold   . . .        (no shield)
rNeg    + . .        i - +0 ring mail
rPois   inf          (no helmet)
rElec   +            (no cloak)
rCorr   .            (no gloves)
SInv    .            (no boots)
Will    +....        b - amulet of regeneration
Stlth   +            c - ring of willpower
HPRegen 1.07/turn    (no ring)
MPRegen 0.11/turn

%: no passive effects
@: no status effects
A: sickness immunity, AC +4, negative energy resistance 1, electricity
resistance, torment resistance 1, petrification resistance, hooves 1, sense
surroundings 1
a: no special abilities


You were on level 4 of the Dungeon.
You visited 1 branch of the dungeon, and saw 4 of its levels.

You collected 108 gold pieces.


Innate Abilities, Weirdness & Mutations

You are immune to sickness and miasma.
Your stone body is resilient. (AC +4)
You are immune to poison.
You resist negative energy. (rN+)
You are resistant to electric shocks. (rElec)
You are resistant to unholy torment.
You are immune to petrification.
You have large cloven feet.
You passively map a small area around you.


   Skills:
 - Level 4.0 Fighting
 + Level 6.5 Ranged Weapons
 - Level 1.8 Armour
 - Level 1.5 Dodging
 - Level 1.0 Spellcasting
 - Level 2.6 Hexes


You had 7 spell levels left.
You knew the following spells:

 Your Spells              Type           Power      Damage    Failure   Level
a - Slow                  Hex            28%        N/A       21%         1

Your spell library contained the following spells:

 Spells                   Type           Power      Damage    Failure   Level
 Inner Flame              Hex/Fire       4%         N/A       71%         3
 Portal Projectile        Hex/Tloc       8%         N/A       71%         3
 Cause Fear               Hex            3%         N/A       90%         4

Inventory:

Hand Weapons
 Y - a +2 sling (weapon)
Armour
 i - a +0 ring mail (worn)
Jewellery
 b - an amulet of regeneration (around neck)
 c - a ring of willpower (left hand)
Scrolls
 a - a scroll of identify
Potions
 d - a potion of enlightenment
 g - a potion of mutation
 h - a potion of magic {unknown}
 j - a potion of brilliance {unknown}

Dungeon Overview and Level Annotations

Branches:
Dungeon (4/15)
 Temple: D:4-7

Altars:

Shops:
D:1 ?


Message History

You shoot a sling bullet. The sling bullet hits the ogre.
You kill the ogre!
Your Fighting skill increases to level 4!
You start resting.
HP restored.
An endoplasm comes into view.
The endoplasm quivers.
Things that are here:
a +0 giant club; a hobgoblin corpse; an adder corpse You shoot a sling bullet.
The sling bullet hits the endoplasm.
The endoplasm is almost dead.
The endoplasm hits you but does no damage.
You shoot a sling bullet. The sling bullet hits the endoplasm.
You kill the endoplasm!
Found a stone staircase leading down.
An endoplasm comes into view.
The endoplasm quivers.
You shoot a sling bullet. The sling bullet hits the endoplasm!
You kill the endoplasm!
You hear a shout! x2
An ogre comes into view. It is wielding a +0 giant spiked club.
You shoot a sling bullet.
The sling bullet barely misses the ogre.
You shoot a sling bullet.
The sling bullet barely misses the ogre.
You shoot a sling bullet. The sling bullet hits the ogre!
The ogre is moderately wounded.
The ogre hits you with a +0 giant spiked club!!
You shoot a sling bullet.
The sling bullet hits the ogre but does no damage.
The ogre is moderately wounded.
A goblin comes into view. It is wielding a +0 dagger.
The ogre hits you with a +0 giant spiked club.
You shoot a sling bullet. The sling bullet hits the ogre!
The ogre is heavily wounded.
The ogre hits you with a +0 giant spiked club!!
You shoot a sling bullet. The sling bullet hits the ogre.
The ogre is severely wounded.
The ogre hits you with a +0 giant spiked club!
You die...

*####.# * * .....# *
*#....# . # #.# ....# ..
.. #.# ....# ,... ....
#.# #.#.# ....
#..####.######.#.# .....
,
#.....#.#...##.#.#....#.,
*
#...............@.......
#.#.#.#.#...##.#O#....#.
, #.#............#.#
####* #.###.#.########.#
, , ....#.#.# ,.g. , *
#.#.#.#.# ... , ,
#.#...#.# .... ** *
#.#####.# ..... ,
......#.# ,


You could see an ogre and a goblin.

Vanquished Creatures
  Grinder (D:4)
  An ogre (D:4)
  A howler monkey (D:4)
  2 orc priests
  An orc wizard (D:3)
  5 adders
  4 worms (D:2)
  5 dart slugs
  6 orcs
  5 ball pythons
  5 endoplasms
  A giant cockroach (D:2)
  A goblin (D:2)
  5 hobgoblins
  2 jackals (D:1)
  3 quokkas
  4 bats
  7 frilled lizards
  2 kobolds
  6 rats
67 creatures vanquished.

Notes
Turn   | Place    | Note
-------+----------+-------------------------------------------
     0 | D:1      | qw the Gargoyle Hexslinger began the quest for the Orb.
     0 | D:1      | Reached XP level 1. HP: 12/12 MP: 2/2
     0 | D:1      | 0 ||| qw: Version: 0.3-a-46-gb1f654a
     0 | D:1      | 0 ||| qw: Game counter: 3270
     0 | D:1      | 0 ||| qw: Melee chars always use a shield: true
     0 | D:1      | 0 ||| qw: God list: Okawaru
     0 | D:1      | 0 ||| qw: Allow faded altars: false
     0 | D:1      | 0 ||| qw: Do Orc after clearing Dungeon:15 true
     0 | D:1      | 0 ||| qw: Do second Lair branch before Depths: true
     0 | D:1      | 0 ||| qw: Lair rune preference: random
     0 | D:1      | 0 ||| qw: Goals: Normal
     0 | D:1      | 0 ||| PLANNING D:1-11
    60 | D:1      | Reached XP level 2. HP: 16/16 MP: 3/3
   153 | D:1      | Reached skill level 3 in Ranged Weapons
   195 | D:1      | Found a faded altar of an unknown god.
   455 | D:1      | Reached XP level 3. HP: 21/21 MP: 4/4
   509 | D:1      | Found Tiusk's Magic Scroll Emporium.
   532 | D:1      | 532 ||| SHOPLISTING scroll of identify (22 gold, have 16).
   532 | D:1      | 532 ||| SHOPLISTING scroll of teleportation (33 gold, have
                  | 16).
   689 | D:1      | 689 ||| UPGRADING to +0 leather armour.
   699 | D:1      | 699 ||| DROPPING +0 robe.
   700 | D:1      | 700 ||| READING scroll labelled OTOBOT BUIPP.
   801 | D:1      | 801 ||| DRINKING 2 golden potions.
   802 | D:1      | 802 ||| DROPPING scroll of poison.
   953 | D:2      | 953 ||| FLEEEEING.
   954 | D:2      | 954 ||| FLEEEEING.
   956 | D:2      | 956 ||| FLEEEEING.
  1288 | D:2      | Reached XP level 4. HP: 26/26 MP: 5/5
  1353 | D:2      | Reached skill level 4 in Ranged Weapons
  1531 | D:2      | 1531 ||| UPGRADING to amulet of regeneration.
  1536 | D:2      | 1536 ||| UPGRADING to ring of willpower.
  1537 | D:2      | 1537 ||| READING scroll labelled MUMEAST HERA.
  1541 | D:2      | 1541 ||| READING scroll labelled HUVU FIDYH.
  1542 | D:2      | 1542 ||| READING scroll labelled NEOSTR MAPIAXTE.
  1543 | D:2      | 1543 ||| DRINKING 2 glowing silvery potions.
  1544 | D:2      | 1544 ||| DRINKING 2 lumpy cyan potions.
  1544 | D:2      | Gained mutation: You have large cloven feet. [potion of
                  | mutation]
  1544 | D:2      | Gained mutation: You passively map a small area around you.
                  | [potion of mutation]
  1545 | D:2      | 1545 ||| DROPPING potion of degeneration.
  1574 | D:3      | 1574 ||| STAIRDANCE
  1599 | D:2      | Reached XP level 5. HP: 21/30 MP: 6/6
  1618 | D:3      | Reached skill level 5 in Ranged Weapons
  2141 | D:3      | Reached skill level 3 in Fighting
  2492 | D:3      | 2492 ||| UPGRADING to +0 ring mail.
  2502 | D:3      | 2502 ||| DROPPING +0 leather armour.
  2503 | D:3      | 2503 ||| READING 2 scrolls of identify.
  2503 | D:3      | 2503 ||| IDENTIFYING bubbling dark potion
  2504 | D:3      | 2504 ||| DROPPING potion of attraction.
  2563 | D:4      | Noticed Grinder
  2566 | D:4      | Reached skill level 1 in Armour
  2566 | D:4      | Reached XP level 6. HP: 37/37 MP: 7/7
  2596 | D:4      | Killed Grinder
  2597 | D:4      | Reached skill level 6 in Ranged Weapons
  2597 | D:4      | Reached XP level 7. HP: 19/41 MP: 8/8
  2667 | D:4      | HP: 4/43 [ogre/+0 giant spiked club (19)]
  2668 | D:4      | Slain by an ogre

Levels and vault maps discovered:
D:1:      psy_arrival_spokes, layout_basic, serial_shops,
          nicolae_shop_getting_attention, basic_ecumenical_altar
D:2:      layout_loops_cross
D:3:      layout_loops_corners
D:4:      layout_basic, st_stairs_3, uniq_grinder, uniq_duvessa, uniq_eustachio

Skill      XL: |  1  2  3  4  5  6  7 |
---------------+----------------------+-----
Ranged Weapons | 3 4 5 6 |  6.5
Fighting       | 2 3 4 |  4.0
Armour         | 1 |  1.8
Dodging        | |  1.5
Spellcasting   | |  1.0
Hexes          | |  2.6

Action                     |  1- 3 |  4- 6 |  7- 9 || total
---------------------------+-------+-------+-------++-------
   Fire: Sling             |   124 |   155 |    17 ||   296
    Use: Scroll            |     1 |     4 |       ||     5
         Potion            |     1 |     2 |       ||     3
 Armour: Robe              |    11 |       |       ||    11
         Leather armour    |     7 |    57 |       ||    64
         Ring mail         |       |    29 |     1 ||    30
  Dodge: Dodged            |    38 |    86 |     3 ||   127

Table legend:
 A = Non-vault XP
 B = Vault XP
 C = Vault XP percentage of total XP
 D = Non-vault monster count
 E = Vault monster count
 F = Vault count percentage of total count
                 A         B        C        D         E       F
            +---------+---------+-------+---------+---------+-------
      Total |     485 |     277 |  36.4 |      66 |       1 |   1.5
            +---------+---------+-------+---------+---------+-------
        D:1 |      40 |       0 |   0.0 |      21 |       0 |   0.0
        D:2 |     132 |       0 |   0.0 |      23 |       0 |   0.0
        D:3 |     116 |       0 |   0.0 |      16 |       0 |   0.0
        D:4 |     197 |     277 |  58.4 |       6 |       1 |  14.3
            +---------+---------+-------+---------+---------+-------
